 Dungeon Crawl Stone Soup version 0.30-a0-824-g6c64550be9 (webtiles) character file.

Game seed: 5338062456022367696

766 zenocrate the Grappler (level 7, -3/35 HPs)
             Began as a Vine Stalker Fighter on Feb 28, 2023.
             Slain by a yak (5 damage)
             ... on level 4 of the Dungeon.
             The game lasted 00:05:30 (4111 turns).

zenocrate the Grappler (Vine Stalker Fighter)       Turns: 4111, Time: 00:05:31

Health: -3/35      AC:  9    Str: 21    XL:     7   Next: 82%
Magic:  0/8        EV:  9    Int:  8    God:
Gold:   196        SH:  4    Dex: 13    Spells: 6/6 levels left

rFire   . . .      SeeInvis .      - Unarmed
rCold   . . .      Faith    +    b - +0 buckler
rNeg    . . .      Spirit   +    a - +0 scale mail
rPois   +          Reflect  .    o - +0 helmet
rElec   .          Harm     .    (no cloak)
rCorr   .          Rampage  .    u - +0 pair of gloves
Will    .....                    n - +0 pair of boots Stlth
                                 s - amulet of faith
HPRegen 1.05/turn                y - ring of poison resistance
MPRegen 0.11/turn                (no ring)

@: mighty
A: fangs 2, regeneration 1, magic shield, antimagic bite, no potion heal 2
a: no special abilities


You were on level 4 of the Dungeon.
You visited 1 branch of the dungeon, and saw 5 of its levels.

You collected 196 gold pieces.

Inventory:

Missiles
 c - 4 poisoned darts (quivered)
 g - 5 boomerangs
Armour
 a - a +0 scale mail (worn)
 b - a +0 buckler (worn)
 n - a +0 pair of boots (worn)
 o - a +0 helmet (worn)
 u - a +0 pair of gloves (worn)
Jewellery
 s - an amulet of faith (around neck)
 y - a ring of poison resistance (left hand)
Wands
 t - a wand of roots (8)
Scrolls
 f - a scroll of fog
 h - a scroll of silence {unknown}
 i - 3 scrolls of immolation
 j - a scroll of amnesia {unknown}
 p - 3 scrolls of fear
 v - a scroll of vulnerability
 z - a scroll of magic mapping {unknown}
Potions
 d - 2 potions of invisibility
 e - 4 potions of curing
 k - 3 potions of cancellation {unknown}
 l - 2 potions of attraction {unknown}
 m - a potion of brilliance {unknown}
 q - a potion of haste {unknown}
 r - a potion of berserk rage {unknown}
 x - a potion of lignification {unknown}
 A - a potion of flight {unknown}


   Skills:
 - Level 2.6 Fighting
 - Level 2.4 Armour
 - Level 2.6 Shields
 + Level 8.7 Unarmed Combat


You had 6 spell levels left.
You didn't know any spells.
Your spell library contained the following spells:

 Spells                   Type           Power      Damage    Failure   Level
 Magic Dart               Conj           0%         1d3       85%         1
 Searing Ray              Conj           0%         2d4       94%         2
 Call Canine Familiar     Summ           0%         N/A       99%         3
 Portal Projectile        Hex/Tloc       0%         N/A       99%         3
 Fulminant Prism          Conj/Hex       0%         3d5       100%        4
 Leda's Liquefaction      Hex/Erth       0%         N/A       100%        4


Dungeon Overview and Level Annotations

Branches:
Dungeon (5/15)
 Temple: D:4-7

Altars:
Dithmenos
Elyvilon
Ru
Trog

Shops:
D:2 =


Innate Abilities, Weirdness & Mutations

You have extremely sharp teeth.
Your natural rate of healing is unusually fast.
When hurt, damage is shared between your health and your magic reserves.
Your bite disrupts and absorbs the magic of your enemies.
Potions cannot restore your health.


Message History

You hit the yak. Your bite misses the yak.
The yak is heavily wounded.
The yak barely misses you.
You punch the yak!
The yak is severely wounded.
The yak gores you but does no damage.
You hit the yak.
The yak is almost dead.
The yak barely misses you.
You barely miss the yak.
The yak is almost dead.
The yak gores you.
You punch the yak!
You kill the yak!
You see here a yak corpse.
You start resting.
HP restored.
You start resting.
Magic restored.
There is a stone staircase leading down here.
You climb downwards.
The yak gores you!
There is a stone staircase leading up here.
The yak gores you! The yak gores you but does no damage.
You climb upwards.
There is a stone staircase leading down here.
You hit the yak but do no damage. Your bite misses the yak. The yak gores you!
The yak barely misses you.
You punch the yak!
The yak is moderately wounded.
The yak gores you!
* * * LOW HITPOINT WARNING * * *
The yak gores you.
* * * LOW HITPOINT WARNING * * *
You feel very mighty all of a sudden. The yak closely misses you.
The yak gores you!
* * * LOW HITPOINT WARNING * * *
You punch the yak!
The yak is severely wounded.
The yak misses you. The yak gores you.
You die...

......................#.#.#######
..>#########.###.....##.#.......#
......######.# #........#.#.###.#
###..........###..#.#.#.......#.#
###.#............(......#...#...#
.##............#.#..##.#######†.#
.############.##.#..#....###....#
.# #.##Y####..###.###..# .#
#.##@Y......#...#..## ##
#.######..#..)#...## ######## #.#
#.###.###.## #......# #.#
#.†.###...# #.####.# #.#
#.###.###.# #....#.# #.#
#..#...#..# #...##.# #<#
##.......## #...##.######.#
###....## #...##.#......# ###..#


You could see 2 yaks.

Vanquished Creatures
  A yak (D:4)
  Duvessa (D:4)
  An ice beast (D:4)
  A necrophage (D:4)
  Dowan (D:4)
  2 hounds (D:4)
  2 iguanas
  Natasha (twice) (D:3)
  Robin (D:3)
  A gnoll (D:3)
  4 adders
  A worm (D:3)
  A dart slug (D:2)
  6 orcs
  6 ball pythons
  5 endoplasms
  5 giant cockroaches
  16 goblins
  10 hobgoblins
  9 jackals
  9 kobolds
  10 quokkas
  6 bats
  3 frilled lizards
  7 rats
111 creatures vanquished.

Vanquished Creatures (others)
  4 toadstools (D:1)
4 creatures vanquished.

Grand Total: 115 creatures vanquished

Notes
Turn   | Place    | Note
-------+----------+-------------------------------------------
     0 | D:1      | zenocrate the Vine Stalker Fighter began the quest for the
                  | Orb.
     0 | D:1      | Reached XP level 1. HP: 11/11 MP: 2/2
   143 | D:1      | Reached XP level 2. HP: 16/16 MP: 3/3
   280 | D:1      | Reached skill level 3 in Unarmed Combat
   461 | D:1      | Reached XP level 3. HP: 19/19 MP: 4/4
   513 | D:1      | Found a faded altar of an unknown god.
  1231 | D:2      | Found Zafun's Jewellery Emporium.
  1252 | D:2      | Found a bloodstained altar of Trog.
  1434 | D:2      | Reached skill level 4 in Unarmed Combat
  1562 | D:2      | Gained mutation: Your natural rate of healing is unusually
                  | fast. [Vine Stalker growth]
  1562 | D:2      | Reached XP level 4. HP: 22/23 MP: 5/5
  2069 | D:3      | Noticed Robin
  2079 | D:3      | Killed Robin
  2191 | D:3      | Reached skill level 5 in Unarmed Combat
  2191 | D:3      | Reached XP level 5. HP: 27/27 MP: 6/6
  2372 | D:3      | Noticed Natasha
  2384 | D:3      | Killed Natasha
  2630 | D:3      | Noticed Natasha
  2637 | D:3      | Killed Natasha
  2778 | D:4      | Reached skill level 6 in Unarmed Combat
  2860 | D:4      | Reached XP level 6. HP: 32/32 MP: 7/7
  3092 | D:4      | Found a shadowy altar of Dithmenos.
  3364 | D:4      | Found a sacrificial altar of Ru.
  3510 | D:4      | Noticed Duvessa
  3511 | D:4      | Noticed Dowan
  3532 | D:4      | Killed Duvessa
  3533 | D:4      | Reached skill level 7 in Unarmed Combat
  3533 | D:4      | Reached XP level 7. HP: 10/35 MP: 2/8
  3544 | D:4      | Killed Dowan
  3669 | D:4      | Reached skill level 8 in Unarmed Combat
  3814 | D:5      | Entered Level 5 of the Dungeon
  4008 | D:5      | Found a white marble altar of Elyvilon.
  4008 | D:5      | Noticed a yak
  4008 | D:5      | Noticed a yak
  4008 | D:5      | Noticed a yak
  4008 | D:5      | Noticed a yak
  4010 | D:5      | Noticed a yak
  4062 | D:4      | Killed a yak
  4110 | D:4      | HP: 1/35 [yak (5)]
  4111 | D:4      | Slain by a yak

Illustrated notes

Levels and vault maps discovered:
D:1:      ldierk_walled_garden_2, layout_loops_corners,
          shapermc_ecumenical_altar_hornbeckon, st_stairs_2
D:2:      layout_basic, serial_shops, shop, basic_altar, roderic_lattice_a
D:3:      layout_rooms, st_stairs_6, roderic_roman_lattice, uniq_natasha,
          uniq_robin
D:4:      layout_basic, mainiacjoe_overflow_24_doors, kennysheep_mini_moat,
          minmay_between, uniq_duvessa
D:5:      layout_layer_cave, lemuel_tele_altar, minmay_temple_entry_fiery,
          uniq_blork_the_orc, uniq_menkaure

Skill      XL: |  1  2  3  4  5  6  7 |
---------------+----------------------+-----
Unarmed Combat | 3 4 5 6 7 8 |  8.7
Fighting       | |  2.6
Armour         | |  2.4
Shields        | |  2.6

Action                     |  1- 3 |  4- 6 |  7- 9 || total
---------------------------+-------+-------+-------++-------
  Melee: Unarmed           |   117 |   195 |    34 ||   346
         Bite              |    20 |    42 |     8 ||    70
  Throw: Dart              |       |    12 |     4 ||    16
         Boomerang         |       |     3 |     1 ||     4
    Use: Scroll            |     3 |     2 |     1 ||     6
         Potion            |       |       |     1 ||     1
 Armour: Scale mail        |    53 |    93 |    11 ||   157
  Dodge: Dodged            |    53 |    71 |    16 ||   140
  Block: Buckler           |    32 |    23 |     7 ||    62

Table legend: (Time is in decaauts)
 A = Elapsed time spent in this place.
 B = Non-inter-level travel time spent in this place.
 C = Inter-level travel time spent in this place.
 D = Time resting spent in this place.
 E = Time spent auto-exploring this place.
 F = Levels seen in this place.
 G = Mean time per level.
                   A        B        C        D        E       F      G
               +--------+--------+--------+--------+--------+-----+--------+
         Total |   4111 |   3946 |    165 |     39 |   3028 |   5 |  822.2 |
       Dungeon |   4111 |   3946 |    165 |     39 |   3028 |   5 |  822.2 |
               +--------+--------+--------+--------+--------+-----+--------+

Top non-repeatable levels by time:
     D:4: 1192 daAuts
     D:1: 1052 daAuts
     D:2: 909 daAuts
     D:3: 716 daAuts
     D:5: 241 daAuts
